[Event "Titled Tuesday Blitz February 21 Early 2023"]
[White "Hirneise, Jens"]
[Black "Lorenzo De La Riva, Lazaro"]
[WhiteFideId "24614734"]
[BlackFideId "2268809"]
[WhiteElo "2277"]
[BlackElo "2404"]
[Result "1-0"]
[Round "09"]
[TimeControl "180+2"]
[Date "2023.02.21"]
[WhiteClock "0:00:58"]
[BlackClock "0:00:59"]

1. c4 Nf6 2. Nc3 b6 3. d4 Bb7 4. Nf3 g6 5. g3 Bg7 6. Bg2 O-O 7. O-O d5 8. Ne5 e6 9. b3 Nbd7 10. Nxd7 Qxd7 11. Bb2 Rad8 12. Re1 Ba6 13. cxd5 exd5 14. Rc1 Rfe8 15. e3 c6 16. Bf1 Bxf1 17. Rxf1 Ne4 18. Qc2 Rc8 19. Nxe4 Rxe4 20. b4 b5 21. a3 h5 22. Qe2 h4 23. Qf3 f5 24. Rc2 Rce8 25. Rfc1 R8e6 26. Bc3 Bh6 27. Bd2 Kg7 28. a4 a6 29. axb5 axb5 30. Ra1 Re7 31. Rca2 Qe6 32. Ra6 g5 33. Rc1 g4 34. Qe2 Rc7 35. Qxb5 cxb5 36. Rxc7+ Kg6 37. Rcc6 Qxc6 38. Rxc6+ Kh7 39. Rc5 h3 40. Rxd5 Kg6 41. Rxb5 Bf8 42. Kf1 Re6 43. Ke2 Rc6 44. Kd3 Ra6 45. Ra5 Rc6 46. b5 Rc8 47. Ra6+ Kf7 48. Bc3 Be7 49. Ra7 Ke6 50. d5+ Kd6 51. Bb4+ Kxd5 52. Rd7+ Ke6 53. Rxe7+ Kf6 54. Rd7 Rc1 55. b6 Rd1+ 56. Bd2 Rb1 57. b7 Ke6 58. Rh7 Kd5 59. Bc3 Rb6 60. Bd4 Rb3+ 61. Kc2 Rb5 62. Ba7 1-0


[Site "https://www.chess.com"]

[Event "Titled Tuesday Blitz February 21 Early 2023"]
[White "Smith, Garrett L"]
[Black "Fiorito, Francisco"]
[WhiteFideId "2024829"]
[BlackFideId "180165"]
[WhiteElo "2047"]
[BlackElo "2305"]
[Result "0-1"]
[Round "09"]
[TimeControl "180+2"]
[Date "2023.02.21"]
[WhiteClock "0:00:24"]
[BlackClock "0:01:34"]

1. e4 c5 2. a3 g6 3. b4 Bg7 4. Nc3 cxb4 5. axb4 Nc6 6. Rb1 d6 7. Nf3 Bg4 8. Be2 Nf6 9. O-O O-O 10. d4 Rc8 11. Qd3 a6 12. Re1 b5 13. h3 Bxf3 14. Bxf3 Qc7 15. Bd2 e6 16. Rb3 Nd7 17. Be3 Nb6 18. h4 h5 19. Be2 Nc4 20. Ra1 Nxe3 21. fxe3 Ra8 22. Bf3 Rfc8 23. e5 d5 24. Raa3 Qe7 25. Na2 Qxh4 26. Qe2 Ne7 27. Rc3 Nf5 28. Rxc8+ Rxc8 29. Rxa6 Bh6 30. Ra3 Qg5 31. Kf2 h4 32. Rc3 Qg3+ 33. Kf1 Rxc3 34. Nxc3 Bxe3 35. Nxb5 Qh2 36. Ke1 Qg1+ 37. Qf1 Bd2+ 38. Ke2 Ng3+ 0-1


[Site "https://www.chess.com"]

[Event "Titled Tuesday Blitz February 21 Early 2023"]
[White "Filgueira, Hernan"]
[Black "rikchessmx"]
[WhiteFideId "101770"]
[WhiteElo "2283"]
[BlackElo "2351"]
[Result "0-1"]
[Round "09"]
[TimeControl "180+2"]
[Date "2023.02.21"]
[WhiteClock "0:00:18"]
[BlackClock "0:01:39"]

1. e4 c5 2. Nf3 e6 3. d3 b6 4. g3 Bb7 5. Bg2 d6 6. O-O Nd7 7. Nc3 h5 8. a4 Be7 9. d4 h4 10. d5 hxg3 11. hxg3 e5 12. a5 Ndf6 13. Nh2 Nh6 14. Bxh6 Rxh6 15. Ng4 Nxg4 16. Qxg4 Bc8 17. Qxg7 Rg6 18. Qh8+ Bf8 19. axb6 Qxb6 20. Qh5 Bg4 21. Qh4 Be7 22. Qh8+ Bf8 23. Bh3 Bf3 24. Bg2 Rh6 25. Qxh6 Bxh6 26. Bxf3 Qxb2 27. Na4 Qxc2 28. Kg2 Be3 29. Bd1 Qd2 30. Nb6 axb6 31. Rxa8+ Ke7 32. Bf3 b5 33. Ra7+ Kf6 34. Bh5 b4 35. Rxf7+ Kg5 36. Bf3 b3 37. Rf5+ Kg6 38. Rf7 Kxf7 0-1


[Site "https://www.chess.com"]

[Event "Titled Tuesday Blitz February 21 Early 2023"]
[White "Uzcategui Rodriguez, Alejandro"]
[Black "Berkes, Ferenc"]
[WhiteFideId "3903400"]
[BlackFideId "718572"]
[WhiteElo "2255"]
[BlackElo "2621"]
[Result "1-0"]
[Round "09"]
[TimeControl "180+2"]
[Date "2023.02.21"]
[WhiteClock "0:01:01"]
[BlackClock "0:01:11"]

1. e4 e6 2. d4 d5 3. Nd2 c5 4. Ngf3 cxd4 5. Nxd4 Nc6 6. Bb5 Bd7 7. N4f3 dxe4 8. Nxe4 Qa5+ 9. Nc3 Bb4 10. Bxc6 Bxc3+ 11. bxc3 Qxc3+ 12. Bd2 Qxc6 13. O-O f6 14. Nd4 Qd5 15. Qg4 Ne7 16. c4 e5 17. Qxg7 Qg8 18. Qxf6 exd4 19. Rfe1 O-O-O 20. Rxe7 Bc6 21. g3 Qxc4 22. Qe5 Ba4 23. Rc1 Bc2 24. Bf4 Rd7 1-0


[Site "https://www.chess.com"]

[Event "Titled Tuesday Blitz February 21 Early 2023"]
[White "Gharamian, Tigran"]
[Black "Padmini, Rout"]
[WhiteFideId "13301527"]
[BlackFideId "5029295"]
[WhiteElo "2601"]
[BlackElo "2375"]
[Result "0-1"]
[Round "09"]
[TimeControl "180+2"]
[Date "2023.02.21"]
[WhiteClock "0:00:04"]
[BlackClock "0:01:07"]

1. d4 Nf6 2. c4 e6 3. Nf3 d5 4. Nc3 c5 5. e3 Nc6 6. a3 dxc4 7. Bxc4 a6 8. O-O b5 9. Ba2 Bb7 10. Qe2 Be7 11. Rd1 c4 12. e4 Qc7 13. d5 Ne5 14. Nxe5 Qxe5 15. f4 Bc5+ 16. Kh1 Qh5 17. Qxh5 Nxh5 18. Ne2 Nf6 19. Ng3 Ng4 20. Rf1 Nf2+ 21. Kg1 Nxe4+ 22. Kh1 Nxg3+ 23. hxg3 Bxd5 24. a4 h5 25. Bd2 h4 26. Kh2 f5 27. axb5 axb5 28. Bxc4 Rxa1 29. Bxb5+ Kf7 30. Rxa1 Bf2 31. Be1 hxg3# 0-1


[Site "https://www.chess.com"]

[Event "Titled Tuesday Blitz February 21 Early 2023"]
[White "mohsengabr2002"]
[Black "Yurasova, Daria"]
[BlackFideId "34146919"]
[WhiteElo "2324"]
[BlackElo "2095"]
[Result "0-1"]
[Round "09"]
[TimeControl "180+2"]
[Date "2023.02.21"]
[WhiteClock "0:00:12"]
[BlackClock "0:00:11"]

1. b3 b6 2. e3 Bb7 3. Bb2 e6 4. Nf3 Nf6 5. c4 c5 6. d3 Be7 7. Nbd2 O-O 8. Be2 d6 9. Qc2 Nbd7 10. O-O a6 11. h3 Re8 12. a3 Rc8 13. Rfe1 Qc7 14. Rad1 Bf8 15. Qb1 Qb8 16. d4 cxd4 17. exd4 d5 18. Rc1 dxc4 19. Nxc4 Nd5 20. b4 N7f6 21. Nce5 Nf4 22. Bf1 Rxc1 23. Qxc1 N4d5 24. Qg5 Be7 25. Qd2 Rc8 26. Bd3 Qd6 27. Ng5 Rf8 28. Rc1 h6 29. Ngf3 Rd8 30. Rc2 b5 31. Qc1 Bf8 32. Nd2 Nf4 33. Bf1 Nd7 34. Ndc4 Nxh3+ 35. gxh3 bxc4 36. Rxc4 Qd5 37. Nc6 Qf5 38. Bg2 Bxc6 39. Rxc6 Nf6 40. Rc7 Nd5 41. Rc8 Rxc8 42. Qxc8 Nf4 43. Bc1 Ne2+ 44. Kf1 Nxd4 45. Be3 Qd3+ 46. Kg1 Ne2+ 47. Kh1 Qd1+ 0-1


[Site "https://www.chess.com"]

[Event "Titled Tuesday Blitz February 21 Early 2023"]
[White "Kotepalli, Sai Nirupama"]
[Black "Womacka, Mathias"]
[WhiteFideId "5039444"]
[BlackFideId "4611390"]
[WhiteElo "1910"]
[BlackElo "2396"]
[Result "1/2-1/2"]
[Round "09"]
[TimeControl "180+2"]
[Date "2023.02.21"]
[WhiteClock "0:00:03"]
[BlackClock "0:00:07"]

1. e4 c5 2. Nf3 d6 3. d3 Nc6 4. g3 g6 5. Bg2 Bg7 6. O-O e5 7. c3 Nge7 8. a3 O-O 9. b4 h6 10. Nh4 Be6 11. b5 Na5 12. c4 f5 13. exf5 gxf5 14. Bb2 f4 15. Nd2 d5 16. cxd5 Bxd5 17. Qe2 Bxg2 18. Kxg2 Qd5+ 19. Qf3 Rad8 20. Qxd5+ Rxd5 21. Ndf3 Rxd3 22. Bxe5 fxg3 23. hxg3 b6 24. Rfe1 Nd5 25. Rad1 Rxd1 26. Rxd1 Nc3 27. Bxc3 Bxc3 28. Rd6 Rf6 29. Rd7 Rf7 30. Rd3 Bf6 31. Nf5 Kh7 32. a4 c4 33. Rd1 Nb3 34. Ne3 c3 35. Rd3 Rc7 36. Nc2 Nc5 37. Rd6 Bg7 38. Rc6 Rxc6 39. bxc6 Ne6 40. Kf1 Kg6 41. Ke2 Kf7 42. Kd3 Ke7 43. Nb4 Kd6 44. Ne1 Nc5+ 45. Kc4 Nxa4 46. Nec2 a5 47. Nd5 Kxc6 48. Ne7+ Kd6 49. Nf5+ Ke5 50. Nxg7 Ke4 51. Ne6 Kf3 52. Ned4+ Kxf2 53. Kb3 Nc5+ 54. Kxc3 Kxg3 55. Nf5+ Kf4 56. Nxh6 b5 57. Nf7 b4+ 58. Kc4 Ne4 59. Nd8 Nd6+ 60. Kb3 Ke4 61. Nc6 Kd3 62. Nxa5 Nb5 63. Nxb4+ Ke3 64. Kc4 Nd6+ 65. Kd5 Nf5 66. Nc2+ Kd2 67. Nb4 Ne3+ 68. Ke6 Ke2 69. Nd5 Nxd5 1/2-1/2


[Site "https://www.chess.com"]

[Event "Titled Tuesday Blitz February 21 Early 2023"]
[White "Shuvalov, Evgenij"]
[Black "Prudnykova, Olga"]
[WhiteFideId "4187237"]
[BlackFideId "14121093"]
[WhiteElo "2038"]
[BlackElo "2268"]
[Result "1-0"]
[Round "09"]
[TimeControl "180+2"]
[Date "2023.02.21"]
[WhiteClock "0:00:36"]
[BlackClock "0:00:05"]

1. d4 Nf6 2. c4 g6 3. Nc3 d5 4. cxd5 Nxd5 5. e4 Nxc3 6. bxc3 c5 7. Nf3 Bg7 8. Rb1 O-O 9. Be2 cxd4 10. cxd4 Qa5+ 11. Bd2 Qxa2 12. O-O Qe6 13. Qc2 b6 14. Bc4 Qd7 15. Rfd1 Bb7 16. d5 Rc8 17. Qa2 Qe8 18. e5 Nd7 19. e6 fxe6 20. Ng5 Nc5 21. Be3 exd5 22. Bxd5+ Bxd5 23. Rxd5 e6 24. Bxc5 bxc5 25. Rd6 c4 26. Nxe6 Be5 27. Ra6 Rc6 28. Ng5 Rxa6 29. Qxc4+ Kg7 30. Qxa6 Rb8 31. Qxa7+ Kh6 32. Nf7+ Kh5 33. Rf1 Rc8 34. h3 Bb8 35. Qa5+ Kh4 36. Qg5# 1-0


[Site "https://www.chess.com"]

[Event "Titled Tuesday Blitz February 21 Early 2023"]
[White "Sovetbekova, Nurai"]
[Black "Devaev, Alexander"]
[WhiteFideId "13801910"]
[BlackFideId "4169395"]
[WhiteElo "1764"]
[BlackElo "2325"]
[Result "1-0"]
[Round "09"]
[TimeControl "180+2"]
[Date "2023.02.21"]
[WhiteClock "0:01:00"]
[BlackClock "0:01:13"]

1. d4 Nf6 2. c4 e6 3. Nc3 Bb4 4. Bd2 c5 5. a3 Bxc3 6. Bxc3 Ne4 7. Qc2 Nxc3 8. Qxc3 cxd4 9. Qxd4 O-O 10. Nf3 Nc6 11. Qd2 Qf6 12. e3 Rd8 13. Be2 d5 14. cxd5 Rxd5 15. Qc2 Ne5 16. Nxe5 Qxe5 17. O-O Bd7 18. Bf3 Rc8 19. Qb1 Rd2 20. Rd1 Rxb2 21. Qd3 Bb5 22. Qd8+ Be8 23. Qxc8 1-0


[Site "https://www.chess.com"]

[Event "Titled Tuesday Blitz February 21 Early 2023"]
[White "MunichMouse"]
[Black "Valle Maytin, Luis Enrique"]
[BlackFideId "3503666"]
[WhiteElo "2296"]
[BlackElo "2241"]
[Result "1-0"]
[Round "09"]
[TimeControl "180+2"]
[Date "2023.02.21"]
[WhiteClock "0:00:54"]
[BlackClock "0:00:07"]

1. d4 Nf6 2. c4 e6 3. Nf3 b6 4. g3 Bb7 5. Bg2 Be7 6. O-O O-O 7. d5 exd5 8. Nh4 c6 9. cxd5 cxd5 10. Nc3 Re8 11. Nf5 Bf8 12. Nxd5 Nxd5 13. Bxd5 Bxd5 14. Qxd5 Nc6 15. e4 Qf6 16. Rb1 Re5 17. Qd3 d5 18. Bf4 dxe4 19. Bxe5 Nxe5 20. Qxe4 Re8 21. f4 Nf3+ 22. Qxf3 Qxf5 23. Rbe1 Rc8 24. Re2 Rd8 25. Rfe1 g6 26. Re8 Rd2 27. R1e2 Qc5+ 28. Kg2 Rd1 29. Qe3 Qd5+ 30. Qe4 Qd6 31. Qe5 Qc6+ 32. Kh3 Qd7+ 33. f5 Rf1 34. Rxf8+ Kxf8 35. Qh8# 1-0


[Site "https://www.chess.com"]

[Event "Titled Tuesday Blitz February 21 Early 2023"]
[White "Meera, Sai"]
[Black "Shubenkova, Veronika"]
[WhiteFideId "5004357"]
[BlackFideId "44124040"]
[WhiteElo "2064"]
[BlackElo "1960"]
[Result "1-0"]
[Round "09"]
[TimeControl "180+2"]
[Date "2023.02.21"]
[WhiteClock "0:00:16"]
[BlackClock "0:00:11"]

1. e4 e6 2. d4 d5 3. Nc3 Nf6 4. e5 Nfd7 5. Nce2 c5 6. c3 Nc6 7. Nf3 b6 8. Nf4 Be7 9. h4 Bb7 10. Bd3 Qc7 11. O-O a6 12. Be3 g6 13. Ng5 Bxg5 14. hxg5 Ne7 15. Rc1 O-O-O 16. dxc5 bxc5 17. b4 c4 18. Bc2 Nxe5 19. Bd4 N7c6 20. Re1 Nxd4 21. cxd4 Nc6 22. Qd2 h6 23. gxh6 g5 24. Nh3 Rxh6 25. Qxg5 Rdh8 26. Qg4 f5 27. Qg5 Nxd4 28. Bd1 R6h7 29. Qe3 Rg7 30. Nf4 e5 31. Qxe5 Rgh7 32. Nh3 Qb6 33. a4 Rg8 34. a5 Qa7 35. Nf4 Rgh8 36. Bh5 Bc6 37. Rcd1 Nc2 38. Qxf5+ Bd7 39. Qxc2 Rxh5 40. Nxh5 Rxh5 41. Re7 Qc7 42. g3 Qd6 43. Qe2 Rh8 44. Qe3 Kd8 45. Re1 Qg6 46. Qb6+ Kc8 47. Qxg6 1-0


[Site "https://www.chess.com"]

[Event "Titled Tuesday Blitz February 21 Early 2023"]
[White "Fernandez Garcia, Gumersindo"]
[Black "Bogaudinov, Rushan"]
[WhiteFideId "24516740"]
[BlackFideId "4129288"]
[WhiteElo "2160"]
[BlackElo "1939"]
[Result "1-0"]
[Round "09"]
[TimeControl "180+2"]
[Date "2023.02.21"]
[WhiteClock "0:00:51"]
[BlackClock "0:00:06"]

1. d4 e6 2. e4 d5 3. Bd3 dxe4 4. Bxe4 Nf6 5. Bf3 c5 6. Ne2 Nc6 7. Be3 cxd4 8. Nxd4 Nxd4 9. Qxd4 Qxd4 10. Bxd4 Be7 11. Nc3 O-O 12. O-O-O a6 13. Kb1 Rd8 14. Na4 Nd5 15. Bxd5 exd5 16. Nb6 Rb8 17. Be5 Bg4 18. f3 Be6 19. Bxb8 Rxb8 20. Nxd5 Bf8 21. Nf4 Bc4 22. b3 Bb5 23. a4 Bc6 24. Rhe1 g5 25. Nd5 Kg7 26. Ne7 Bxe7 27. Rxe7 Kf6 28. Rc7 Re8 29. Rd6+ Kg7 30. Rd2 h5 31. Kb2 h4 32. c4 h3 33. gxh3 Bxf3 34. Rf2 Re3 35. b4 Kg6 36. b5 f5 37. c5 axb5 38. axb5 f4 39. b6 Be4 40. Rd2 f3 41. Rd6+ Kf5 42. Rf7+ Ke5 43. Rdf6 Re2+ 44. Kc3 Rc2+ 45. Kb4 Rb2+ 46. Ka3 Rxh2 47. c6 f2 48. c7 Rxh3+ 49. Kb2 f1=Q 50. Rxf1 Rh2+ 51. R1f2 Rh6 52. c8=Q Rxb6+ 53. Kc3 Rc6+ 54. Qxc6 bxc6 55. Rg7 Bd5 56. Rxg5+ 1-0


[Site "https://www.chess.com"]

[Event "Titled Tuesday Blitz February 21 Early 2023"]
[White "Lauridsen, Jesper Morch"]
[Black "Rego, Pedro Filipe"]
[WhiteFideId "1401890"]
[BlackFideId "1904310"]
[WhiteElo "2309"]
[BlackElo "2312"]
[Result "0-1"]
[Round "09"]
[TimeControl "180+2"]
[Date "2023.02.21"]
[WhiteClock "0:00:06"]
[BlackClock "0:00:12"]

1. e4 c5 2. Nf3 d6 3. d4 cxd4 4. Nxd4 Nf6 5. f3 e5 6. Nb3 Be6 7. c4 a5 8. Nc3 Nc6 9. Be3 Nd7 10. a3 a4 11. Nd2 Qa5 12. Be2 Nc5 13. O-O Be7 14. Nd5 Bd8 15. Kh1 O-O 16. f4 exf4 17. Bxf4 Ne5 18. Bxe5 dxe5 19. Rc1 Bg5 20. Rc2 Bxd2 21. Rxd2 Nxe4 22. Rd3 Qc5 23. Qe1 f5 24. Bf3 Rad8 25. Qh4 Bxd5 26. cxd5 Rxd5 27. Bxe4 fxe4 28. Rdd1 Rxd1 29. Rxd1 Qc2 30. Re1 Qe2 31. h3 Rf1+ 32. Rxf1 Qxf1+ 33. Kh2 Qf4+ 34. Qg3 Kf7 35. h4 Ke6 36. Kh3 Qxg3+ 37. Kxg3 Kd5 38. Kf2 Kd4 39. Ke2 h5 40. g3 b5 41. Kd2 e3+ 42. Ke2 e4 43. Ke1 Kd3 44. Kd1 e2+ 45. Ke1 Ke3 46. g4 hxg4 47. h5 g3 48. h6 g2 49. hxg7 g1=Q# 0-1


[Site "https://www.chess.com"]

[Event "Titled Tuesday Blitz February 21 Early 2023"]
[White "Carrasco Miranda, Andres"]
[Black "Thiel, Thomas"]
[WhiteFideId "3405990"]
[BlackFideId "4615964"]
[WhiteElo "2240"]
[BlackElo "2234"]
[Result "1-0"]
[Round "09"]
[TimeControl "180+2"]
[Date "2023.02.21"]
[WhiteClock "0:02:00"]
[BlackClock "0:00:30"]

1. d4 Nf6 2. c4 g6 3. g3 c6 4. Bg2 d5 5. Qa4 dxc4 6. Qxc4 Bg7 7. Nf3 O-O 8. O-O Be6 9. Qc2 Bf5 10. Qb3 Qb6 11. Nc3 Qxb3 12. axb3 Na6 13. Ne5 Nd7 14. Nxc6 bxc6 15. Rxa6 Bxd4 16. Bxc6 Rab8 17. Nd5 Bc5 18. Be3 Bxe3 19. Nxe7+ Kg7 20. Nxf5+ gxf5 21. fxe3 Nf6 22. Ba4 Nd5 23. Rxf5 Nxe3 24. Rg5+ Kh8 25. Rxa7 Rb6 26. Kf2 Re6 27. Raa5 Rfe8 28. Bxe8 1-0


[Site "https://www.chess.com"]

[Event "Titled Tuesday Blitz February 21 Early 2023"]
[White "Schut, Han"]
[Black "Avazkhonov, Alikhon"]
[WhiteFideId "1005561"]
[BlackFideId "14208504"]
[WhiteElo "2101"]
[BlackElo "1538"]
[Result "0-1"]
[Round "09"]
[TimeControl "180+2"]
[Date "2023.02.21"]
[WhiteClock "0:00:03"]
[BlackClock "0:00:12"]

1. e4 c5 2. Nf3 d6 3. d4 cxd4 4. Nxd4 Nf6 5. f3 e5 6. Bb5+ Nbd7 7. Nf5 d5 8. exd5 a6 9. Ba4 b5 10. Bb3 Nc5 11. Ne3 Bb7 12. Nc3 b4 13. Na4 Be7 14. O-O O-O 15. c4 bxc3 16. Nxc3 Nxb3 17. Qxb3 Rb8 18. Qc4 Rc8 19. Qd3 Qb6 20. Kh1 Rfd8 21. Rd1 Bb4 22. Bd2 Qd4 23. Qe2 Qh4 24. Be1 Qh5 25. Bg3 Bxc3 26. bxc3 Rxc3 27. d6 e4 28. Rd2 exf3 29. gxf3 Bxf3+ 0-1


[Site "https://www.chess.com"]

[Event "Titled Tuesday Blitz February 21 Early 2023"]
[White "Quirke, Jeffrey"]
[Black "Begunov, Konstantin"]
[WhiteFideId "2013029"]
[BlackFideId "4118510"]
[WhiteElo "2007"]
[BlackElo "2325"]
[Result "1/2-1/2"]
[Round "09"]
[TimeControl "180+2"]
[Date "2023.02.21"]
[WhiteClock "0:00:05"]
[BlackClock "0:00:19"]

1. e4 c5 2. c3 Nf6 3. e5 Nd5 4. d4 cxd4 5. cxd4 Nc6 6. Nf3 d6 7. Nc3 Nxc3 8. bxc3 d5 9. Bd3 Bg4 10. h3 Bxf3 11. Qxf3 e6 12. O-O Rc8 13. Bd2 a6 14. g3 Na5 15. Rab1 Qd7 16. Rb6 Nc4 17. Bxc4 Rxc4 18. Rfb1 Rc7 19. Qd1 Be7 20. Qb3 O-O 21. Rxb7 Rfc8 22. Rxc7 Rxc7 23. Qb8+ Bf8 24. Qa8 Ra7 25. Qb8 h5 26. h4 a5 27. Qb5 Qc8 28. a4 Qd8 29. Qc6 Rc7 30. Qb6 Qc8 31. Rb5 Rc6 32. Qb7 Rc4 33. Qxc8 Rxc8 34. Rxa5 Rb8 35. Rb5 Ra8 36. a5 Be7 37. Kf1 Kf8 38. Ke2 Bd8 39. c4 dxc4 40. Bb4+ Ke8 41. Kd2 Rc8 42. Kc3 g5 43. hxg5 Bxg5 44. a6 Ra8 45. Ra5 Bd8 46. Ra4 Rc8 47. Bc5 Kd7 48. a7 Ra8 49. Kxc4 Kc6 50. f4 Kb7 51. d5 exd5+ 52. Kxd5 Rc8 53. a8=Q+ Rxa8 54. Rxa8 Kxa8 55. f5 Kb7 56. e6 fxe6+ 57. Kxe6 h4 58. g4 h3 59. Bg1 Bc7 60. g5 Bb6 61. Bh2 Bc7 62. Bg1 Bb6 63. Bh2 Bc7 64. Bg1 1/2-1/2


[Site "https://www.chess.com"]

[Event "Titled Tuesday Blitz February 21 Early 2023"]
[White "Kohler, Aran"]
[Black "Gerbelli Neto, Eduardo"]
[WhiteFideId "1002856"]
[BlackFideId "2103281"]
[WhiteElo "2010"]
[BlackElo "2114"]
[Result "1-0"]
[Round "09"]
[TimeControl "180+2"]
[Date "2023.02.21"]
[WhiteClock "0:01:11"]
[BlackClock "0:01:01"]

1. Nf3 Nf6 2. d4 d5 3. Bg5 Bf5 4. e3 Ne4 5. Bf4 c6 6. Nbd2 Nd7 7. Bd3 Ndf6 8. h3 e6 9. O-O Be7 10. Ne5 O-O 11. f3 Nxd2 12. Qxd2 Bxd3 13. Qxd3 c5 14. c3 Nd7 15. Nxd7 Qxd7 16. Rad1 Rac8 17. dxc5 Bxc5 18. Kh1 Qe7 19. e4 Rfd8 20. exd5 Rxd5 21. Qe2 Rcd8 22. Rxd5 Rxd5 23. b4 Bb6 24. c4 Rd7 25. c5 Bd8 26. Bd6 Qh4 27. Qb5 Rxd6 28. Qe8# 1-0


[Site "https://www.chess.com"]

[Event "Titled Tuesday Blitz February 21 Early 2023"]
[White "Lucassen, Mickey"]
[Black "Cramling Bellon, Anna"]
[WhiteFideId "12919110"]
[BlackFideId "32009232"]
[WhiteElo "2023"]
[BlackElo "2043"]
[Result "1-0"]
[Round "09"]
[TimeControl "180+2"]
[Date "2023.02.21"]
[WhiteClock "0:00:04"]
[BlackClock "0:00:01"]

1. e4 c5 2. Nc3 Nc6 3. Bb5 Nd4 4. Bc4 e6 5. Nf3 d6 6. Nxd4 cxd4 7. Ne2 e5 8. O-O Nf6 9. d3 Be7 10. h3 O-O 11. f4 Be6 12. Bxe6 fxe6 13. fxe5 dxe5 14. Bd2 Rc8 15. Ng3 Qb6 16. b3 Qc6 17. Qe2 Qxc2 18. b4 Qa4 19. Nh5 Rc2 20. Nxf6+ Rxf6 21. Rxf6 Bxf6 22. Qg4 Rxd2 23. Qxe6+ Kf8 24. Rc1 Rd1+ 25. Rxd1 Qxd1+ 26. Kh2 Qc2 27. Qd6+ Ke8 28. Qb8+ Kd7 29. Qxb7+ Qc7 30. Qd5+ Qd6 31. Qb7+ Ke8 32. b5 Qb6 33. Qc8+ Bd8 34. a4 Qf6 35. a5 Qf4+ 36. Kg1 Qe3+ 37. Kh1 Qe1+ 38. Kh2 Qxa5 39. Qe6+ Be7 40. Qxe5 Qb6 41. Qxg7 Qxb5 42. Qxd4 Qc5 43. Qh8+ Kd7 44. Qxh7 Qd6+ 45. g3 Qxd3 46. Qf5+ Kd6 47. e5+ Kc7 48. Qxd3 1-0


[Site "https://www.chess.com"]

[Event "Titled Tuesday Blitz February 21 Early 2023"]
[White "Delgado Rosas, Fatima Alexandra"]
[Black "Kuchava, Ana"]
[WhiteFideId "6603963"]
[BlackFideId "13605348"]
[WhiteElo "1500"]
[BlackElo "2101"]
[Result "1-0"]
[Round "09"]
[TimeControl "180+2"]
[Date "2023.02.21"]
[WhiteClock "0:00:20"]
[BlackClock "0:00:03"]

1. d4 d5 2. c4 e6 3. Nc3 Be7 4. cxd5 exd5 5. Nf3 c6 6. Qc2 Nf6 7. Bg5 O-O 8. e3 Re8 9. Bd3 Nbd7 10. O-O Nf8 11. h3 Ne4 12. Bxe7 Qxe7 13. Bxe4 dxe4 14. Nd2 f5 15. Rab1 a5 16. Rfc1 Be6 17. Nb3 Nd7 18. Na4 Qf7 19. Ra1 Bd5 20. Nac5 Nb6 21. Nd2 a4 22. b3 axb3 23. axb3 h6 24. Nc4 Nxc4 25. bxc4 Rxa1 26. Rxa1 Bxc4 27. Nxb7 Bd5 28. Nd6 Qd7 29. Nxe8 Qxe8 30. Ra7 Qb8 31. Qc5 Qb1+ 32. Kh2 Qb8+ 33. g3 Qb2 34. Ra8+ Kh7 35. Kg2 Qe2 36. Qc1 Qf3+ 37. Kg1 c5 38. Ra3 cxd4 39. exd4 Qe2 40. Re3 Qb5 41. Qc5 Qxc5 42. dxc5 Bc6 43. Rb3 Kg8 44. Rb6 Bd5 45. Rd6 Kf7 46. Rxd5 1-0


[Site "https://www.chess.com"]

[Event "Titled Tuesday Blitz February 21 Early 2023"]
[White "Rios Escobar, Adan"]
[Black "lisjakzlatko1"]
[WhiteFideId "3403645"]
[WhiteElo "2234"]
[BlackElo "2162"]
[Result "1-0"]
[Round "09"]
[TimeControl "180+2"]
[Date "2023.02.21"]
[WhiteClock "0:00:02"]
[BlackClock "0:00:02"]

1. d4 d6 2. g3 e5 3. dxe5 dxe5 4. Qxd8+ Kxd8 5. e4 c6 6. f4 f6 7. Nf3 Nd7 8. Nc3 Bb4 9. Bd2 Nh6 10. Bh3 Nf7 11. O-O-O Kc7 12. Nb5+ cxb5 13. Bxb4 Nb6 14. Bf1 Nc4 15. b3 Ne3 16. Rd3 Nxf1 17. Rxf1 a5 18. Bc5 b6 19. Bf2 Bb7 20. Rc3+ Bc6 21. Ne1 Kb7 22. Re3 a4 23. Kb2 Nd6 24. Nd3 Nxe4 25. fxe5 a3+ 26. Kc1 fxe5 27. Nxe5 Bd5 28. c4 Nxf2 29. Rxf2 Be6 30. cxb5 Rhe8 31. Nd3 Bd5 32. Rfe2 Rec8+ 33. Kd2 Rc7 34. Nb4 Bxb3 35. axb3 a2 36. Nxa2 1-0


[Site "https://www.chess.com"]

[Event "Titled Tuesday Blitz February 21 Early 2023"]
[White "Sai Han Thiha"]
[Black "Levitan, Caleb Levi"]
[WhiteFideId "13012290"]
[BlackFideId "14332620"]
[WhiteElo "2070"]
[BlackElo "2129"]
[Result "1-0"]
[Round "09"]
[TimeControl "180+2"]
[Date "2023.02.21"]
[WhiteClock "0:00:21"]
[BlackClock "0:00:02"]

1. d4 Nf6 2. c4 e6 3. Nf3 d5 4. Nc3 Bb4 5. Qa4+ Nc6 6. cxd5 exd5 7. Bg5 h6 8. Bxf6 Qxf6 9. e3 O-O 10. Be2 Bd7 11. O-O Bxc3 12. bxc3 a6 13. Qb3 Qd6 14. a4 Na5 15. Qb4 Qxb4 16. cxb4 Nc4 17. Bxc4 dxc4 18. Ne5 Be6 19. Rfc1 b5 20. e4 f6 21. Nc6 Bd7 22. Ne7+ Kf7 23. Nd5 c6 24. Nc3 Rfd8 25. f3 f5 26. Kf2 Be6 27. Ke3 g5 28. g3 Kf6 29. Ra2 Re8 30. Rca1 bxa4 31. Rxa4 Bc8 32. Ra5 Bb7 33. Rxf5+ Kg6 34. g4 Re7 35. Rc5 Rae8 36. Rxc4 Rf7 37. Rc5 Ref8 38. Rf5 Bc8 39. Rxf7 Rxf7 40. Ra5 Kf6 41. Rc5 Bb7 42. Rf5+ Ke6 43. Na4 Rxf5 44. gxf5+ Kd6 45. Kd3 Bc8 46. e5+ Kd5 47. Nc3# 1-0


[Site "https://www.chess.com"]

[Event "Titled Tuesday Blitz February 21 Early 2023"]
[White "Sanchez, Robert"]
[Black "Gamage, Wanshini Vidusama"]
[WhiteFideId "2034360"]
[BlackFideId "9953752"]
[WhiteElo "1966"]
[BlackElo "1089"]
[Result "1-0"]
[Round "09"]
[TimeControl "180+2"]
[Date "2023.02.21"]
[WhiteClock "0:01:27"]
[BlackClock "0:00:49"]

1. e4 c5 2. Nf3 d6 3. d4 cxd4 4. Nxd4 Nf6 5. Nc3 a6 6. Be3 e5 7. Nb3 Be7 8. f3 Be6 9. Qd2 h5 10. Nd5 Nxd5 11. exd5 Bf5 12. c4 Nd7 13. Be2 a5 14. O-O a4 15. Nc1 h4 16. Nd3 a3 17. b3 Bf6 18. Rac1 b6 19. Nb4 Nc5 20. Nc6 Qd7 21. Bd1 Qc7 22. Bc2 Bd7 23. b4 Bxc6 24. bxc5 Ba4 25. cxb6 Qb7 26. Qb4 Bxc2 27. Rxc2 Be7 28. c5 dxc5 29. Bxc5 Bxc5+ 30. Qxc5 Qe7 31. Qc6+ 1-0


[Site "https://www.chess.com"]

[Event "Titled Tuesday Blitz February 21 Early 2023"]
[White "Mayaud, Raphael"]
[Black "Burke, John F"]
[WhiteFideId "627151"]
[BlackFideId "2052970"]
[WhiteElo "2201"]
[BlackElo "2013"]
[Result "1-0"]
[Round "09"]
[TimeControl "180+2"]
[Date "2023.02.21"]
[WhiteClock "0:00:32"]
[BlackClock "0:01:29"]

1. d4 c5 2. d5 d6 3. Nc3 e5 4. e4 Ne7 5. f4 exf4 6. Bxf4 Ng6 7. Bg3 a6 8. a4 Be7 9. Bc4 Nd7 10. Nf3 O-O 11. O-O Qc7 12. Qe2 Bf6 13. h3 Re8 14. Rae1 Nde5 15. Nxe5 Bxe5 16. Rf3 Qe7 17. Ref1 f6 18. Nd1 Bd7 19. Nc3 Rab8 20. a5 Bxc3 21. bxc3 Qxe4 22. Qxe4 Rxe4 23. Bd3 Re5 24. Bxg6 hxg6 25. Bxe5 dxe5 26. c4 Bf5 27. Rc3 Rd8 28. Rb1 Bc8 29. Rb6 Kf7 30. Kf2 g5 31. Rcb3 Kg6 32. g4 Rh8 33. Kg3 Re8 34. d6 Rd8 35. Rd3 Rd7 36. Rd5 Kf7 37. Rxc5 Ke6 38. Rc7 Rxd6 39. Rxd6+ Kxd6 40. Rxc8 1-0


[Site "https://www.chess.com"]